[Event "Titled Tuesday Blitz December 14 2021"]
[White "Makhnev, Denis"]
[Black "Shkapenko, Pavel"]
[WhiteFideId "13707647"]
[BlackFideId "4151933"]
[WhiteElo "2491"]
[BlackElo "2386"]
[Result "1/2-1/2"]
[Round "08"]
[TimeControl "180+1"]
[Date "2021.12.14"]
[WhiteClock "0:00:09"]
[BlackClock "0:00:08"]

1. d4 Nf6 2. c4 e6 3. g3 Bb4+ 4. Bd2 Qe7 5. Bg2 Nc6 6. Nf3 Bxd2+ 7. Nbxd2 d6 8. O-O O-O 9. e4 e5 10. d5 Nb8 11. Qc2 a5 12. Nb1 Bg4 13. Nfd2 c6 14. h3 Bd7 15. Nc3 Na6 16. Rfc1 Rfc8 17. Qd3 Nc5 18. Qe2 Qe8 19. Bf1 Rab8 20. Nb3 b6 21. dxc6 Bxc6 22. Nd2 Ne6 23. Qe3 Nd4 24. Nb3 Nxb3 25. axb3 Nd7 26. Rd1 Nc5 27. Nd5 Bxd5 28. Rxd5 Qc6 29. Rad1 Rd8 30. Qc3 Ne6 31. b4 axb4 32. Qxb4 Nd4 33. h4 h5 34. Kg2 g6 35. Ra1 Ne6 36. Qb5 Qxb5 37. Rxb5 Nd4 38. Rd5 Rb7 39. Ra6 Kf8 40. f4 f6 41. Kf2 Ke7 42. Bh3 Nc6 43. Rb5 Rdb8 44. Ke3 Nd4 45. Rd5 Nc2+ 46. Kd2 Nb4 47. fxe5 Nxa6 48. exd6+ Kf7 49. e5 fxe5 50. Rxe5 Rd8 51. Rd5 Nb4 52. Rd4 Nc6 53. Rd5 Kf6 54. Kc3 Ne5 55. Kd4 Nf7 56. d7 Ke7 57. b4 Rbxd7 58. Rxd7+ Rxd7+ 59. Bxd7 Kxd7 60. Kd5 Nh6 61. Ke5 Nf5 62. Kf4 Ke6 63. Kg5 Kf7 64. Kf4 Ne7 65. Kg5 Ke6 66. c5 bxc5 67. bxc5 Kf7 68. g4 hxg4 69. Kxg4 Kf6 70. h5 g5 71. h6 Kg6 72. h7 Kxh7 73. Kxg5 Kg7 74. Kf4 Kf6 75. Ke4 Ke6 76. Kd4 Nc6+ 77. Kc4 Ke5 78. Kb5 Kd5 79. Kb6 Nd4 80. c6 Nxc6 1/2-1/2


[Site "https://www.chess.com"]

[Event "Titled Tuesday Blitz December 14 2021"]
[White "Martins, Bruno Andre Leite"]
[Black "Belous, Vladimir"]
[WhiteFideId "1942255"]
[BlackFideId "4174003"]
[WhiteElo "2137"]
[BlackElo "2510"]
[Result "0-1"]
[Round "08"]
[TimeControl "180+1"]
[Date "2021.12.14"]
[WhiteClock "0:01:32"]
[BlackClock "0:02:25"]

1. e4 c5 2. Nf3 Nc6 3. d4 cxd4 4. Nxd4 e5 5. Nb5 d6 6. N1c3 a6 7. Na3 b5 8. Nd5 Nge7 9. c4 Nxd5 10. exd5 Nd4 11. cxb5 g6 12. Bc4 Bg7 13. O-O O-O 14. bxa6 Qh4 15. Be3 Nf5 16. Qd2 e4 17. Bg5 e3 18. Bxe3 Nxe3 19. fxe3 Re8 20. Rf4 Qe7 21. Nc2 Bxb2 22. Rb1 Be5 23. Rf2 Qh4 24. g3 Qxc4 0-1


[Site "https://www.chess.com"]

[Event "Titled Tuesday Blitz December 14 2021"]
[White "Moroni, Luca Jr"]
[Black "Timofeev, Artyom"]
[WhiteFideId "865834"]
[BlackFideId "4140419"]
[WhiteElo "2491"]
[BlackElo "2628"]
[Result "1-0"]
[Round "08"]
[TimeControl "180+1"]
[Date "2021.12.14"]
[WhiteClock "0:00:12"]
[BlackClock "0:00:13"]

1. d4 Nf6 2. c4 b6 3. Nc3 Bb7 4. Qc2 d5 5. cxd5 Nxd5 6. e4 Nxc3 7. bxc3 e6 8. Nf3 Be7 9. Bf4 O-O 10. Bd3 c5 11. O-O Nc6 12. d5 exd5 13. exd5 Qxd5 14. Bxh7+ Kh8 15. Be4 Qh5 16. Rad1 Rad8 17. Qa4 Rc8 18. Rd7 Ba8 19. Rfd1 f5 20. Bd5 Bf6 21. h3 Bxc3 22. Qc4 Bf6 23. Bf7 Rxf7 24. Rxf7 Re8 25. Rdd7 Nd8 26. Rxf6 gxf6 27. Qc3 Qg6 28. Nh4 Qg7 29. Rxg7 Kxg7 30. Nxf5+ Kg6 31. Nh4+ Kf7 32. Nf5 Kg6 33. Ne3 Ne6 34. Qd3+ Kf7 35. Qh7+ Ng7 36. Bh6 Rg8 37. Nf5 Be4 38. Nd6+ Ke6 39. Nxe4 1-0


[Site "https://www.chess.com"]

[Event "Titled Tuesday Blitz December 14 2021"]
[White "Moskalenko, Alexander"]
[Black "Donchenko, Alexander"]
[WhiteFideId "4155351"]
[BlackFideId "24603295"]
[WhiteElo "2515"]
[BlackElo "2494"]
[Result "0-1"]
[Round "08"]
[TimeControl "180+1"]
[Date "2021.12.14"]
[WhiteClock "0:00:03"]
[BlackClock "0:00:05"]

1. d4 Nf6 2. c4 e6 3. g3 c5 4. Nf3 cxd4 5. Nxd4 d5 6. Bg2 e5 7. Nb5 d4 8. O-O a6 9. N5a3 Nc6 10. e3 d3 11. Nc3 Bf5 12. e4 Bg4 13. f3 Be6 14. Be3 Bxa3 15. bxa3 Bxc4 16. Na4 b5 17. Nb6 Rb8 18. Nxc4 bxc4 19. Qa4 Qd7 20. Qxc4 O-O 21. Rfd1 Rfd8 22. Bf1 Nd4 23. Bxd4 exd4 24. Qxa6 Rb2 25. Qxd3 h5 26. Rd2 Rxd2 27. Qxd2 d3 28. Rd1 Qa7+ 29. Kg2 Qxa3 30. Bxd3 h4 31. Qe2 Rb8 32. Rd2 hxg3 33. hxg3 Qe7 34. e5 Nh5 35. f4 g6 36. Bc4 Rc8 37. Qe4 Kg7 38. Bb3 Rc3 39. Rd3 Rc1 40. Qd5 Qa7 41. Rd4 Rc3 42. e6 Rxg3+ 43. Kh2 fxe6 44. Qe5+ Kh7 45. Bxe6 Rd3 46. Rxd3 Qf2+ 47. Kh3 Nxf4+ 48. Kg4 Nxd3 49. Qc7+ Kh6 50. Qg3 Qe2+ 51. Kh3 Qxe6+ 52. Kh2 Qe2+ 53. Kh3 Qe6+ 54. Kh2 Qe5 55. a4 Qxg3+ 56. Kxg3 Nc5 57. a5 g5 0-1


[Site "https://www.chess.com"]

[Event "Titled Tuesday Blitz December 14 2021"]
[White "Murzin, Volodar"]
[Black "Andreikin, Dmitry"]
[WhiteFideId "44155573"]
[BlackFideId "4158814"]
[WhiteElo "2481"]
[BlackElo "2736"]
[Result "0-1"]
[Round "08"]
[TimeControl "180+1"]
[Date "2021.12.14"]
[WhiteClock "0:00:04"]
[BlackClock "0:00:29"]

1. e4 e5 2. Nf3 Nc6 3. Bb5 Nf6 4. O-O Nxe4 5. Re1 Nd6 6. Nxe5 Be7 7. Bf1 Nf5 8. Nf3 O-O 9. d4 d5 10. c3 Re8 11. Nbd2 Bd6 12. Bd3 Rxe1+ 13. Qxe1 Nce7 14. Nf1 c6 15. Ng3 Nxg3 16. hxg3 Bf5 17. Qe2 Bxd3 18. Qxd3 Qd7 19. Bd2 Qf5 20. Qxf5 Nxf5 21. Re1 Kf8 22. Kf1 Re8 23. Rxe8+ Kxe8 24. Ke2 h5 25. Kd3 f6 26. Ng1 g5 27. Ne2 Kd7 28. Be1 b5 29. f3 Ke6 30. Bf2 a5 31. b3 Bc7 32. Be1 g4 33. Bf2 Kd7 34. Be1 Bd6 35. Bf2 b4 36. cxb4 axb4 37. Be1 Kc7 38. Bf2 Kb6 39. Be1 Kb5 40. Bf2 Bc7 41. Be1 Bb8 42. Bf2 Bd6 43. Be1 Kb6 44. Bf2 Kb7 45. Be1 Kc7 46. Bf2 Kd7 47. Be1 Ke8 48. Bf2 Kf7 49. Be1 Kg6 50. Bf2 Ng7 51. Be1 Ne6 52. Bd2 Kf5 53. Be1 Bf8 54. Bd2 Be7 55. Be3 Bd6 56. Bd2 Ng5 57. Bxg5 fxg5 58. Ke3 h4 59. gxh4 gxh4 60. fxg4+ Kxg4 61. Kd3 Bf4 62. Kc2 Be3 63. Kd3 Bf2 64. Kd2 Kg5 65. Kd3 Kf5 66. Nc1 Kg4 67. Ne2 Bg3 68. Ng1 Bd6 69. Ne2 Be7 70. Kd2 Bg5+ 71. Kd3 Bh6 72. Kc2 Kf5 73. Kd3 Bg5 74. Ng1 Kf4 75. Ne2+ Kg4 76. Kc2 Be7 77. Kd3 Bd6 78. Kd2 Bf4+ 79. Kd3 Bg5 80. Kc2 h3 81. gxh3+ Kxh3 82. Kd3 Kg2 83. Kc2 Kf2 84. Kd3 Bh6 85. a4 bxa3 86. Nc3 Ke1 87. Na2 Kd1 88. Nb4 Bd2 89. Na2 Ke1 90. Kc2 Ke2 91. b4 Ke3 92. Kb3 Kxd4 93. Kxa3 Kc4 94. Ka4 d4 95. Ka3 d3 96. Kb2 Bxb4 97. Kc1 c5 0-1


[Site "https://www.chess.com"]

[Event "Titled Tuesday Blitz December 14 2021"]
[White "Nakamura, Hikaru"]
[Black "Tsydypov, Zhamsaran"]
[WhiteFideId "2016192"]
[BlackFideId "4108566"]
[WhiteElo "2884"]
[BlackElo "2614"]
[Result "1-0"]
[Round "08"]
[TimeControl "180+1"]
[Date "2021.12.14"]
[WhiteClock "0:00:07"]
[BlackClock "0:00:06"]

1. Nf3 Nf6 2. b3 d5 3. Bb2 e6 4. g3 c5 5. Bg2 Nc6 6. O-O Be7 7. d4 O-O 8. dxc5 Bxc5 9. c4 dxc4 10. Qc2 Qe7 11. Nbd2 cxb3 12. Nxb3 Bb6 13. a4 a5 14. Ne5 Nb4 15. Qc4 Bd7 16. Nxd7 Qxd7 17. Bxf6 gxf6 18. Qg4+ Kh8 19. Qh4 Bd8 20. Nc5 Qe7 21. Nxb7 f5 22. Qd4+ Qf6 23. Rad1 Qxd4 24. Rxd4 Rc8 25. Rfd1 Bc7 26. Rd7 Kg8 27. e3 Bb6 28. Bf3 Rc2 29. Bh5 Bc7 30. Bf3 Kg7 31. Re7 Kg6 32. h4 Bb6 33. Rdd7 Nc6 34. Bxc6 Rxc6 35. Nd6 Rc1+ 36. Kg2 Bc5 37. Kf3 Rc2 38. Kg2 Bxe3 39. Nxf7 Rxf2+ 40. Kh3 Kf6 41. Nd8 Rxd8 42. Rf7+ Kg6 43. h5+ Kxh5 44. Rxd8 h6 45. Re8 Bg5 46. Rxe6 Rf3 47. Re5 f4 48. Rxf4 Ra3 49. Rxa5 Kg6 50. Rc4 Kh5 51. Rb5 Kg6 52. Kg4 h5+ 53. Kh3 h4 54. Rg4 Rxg3+ 55. Rxg3 hxg3 56. Rxg5+ 1-0


[Site "https://www.chess.com"]

[Event "Titled Tuesday Blitz December 14 2021"]
[White "Pichot, Alan"]
[Black "Makarian, Rudik"]
[WhiteFideId "110973"]
[BlackFideId "44105681"]
[WhiteElo "2629"]
[BlackElo "2486"]
[Result "1/2-1/2"]
[Round "08"]
[TimeControl "180+1"]
[Date "2021.12.14"]
[WhiteClock "0:00:29"]
[BlackClock "0:00:10"]

1. e4 c5 2. Nf3 d6 3. d4 cxd4 4. Nxd4 Nf6 5. Nc3 a6 6. Bg5 Nbd7 7. Bc4 e6 8. Qd2 b5 9. Bxe6 fxe6 10. Nxe6 Qb6 11. O-O-O Ne5 12. Nxf8 Nc4 13. Nd5 Qc5 14. Qc3 Rxf8 15. Bxf6 gxf6 16. Nxf6+ Kd8 17. Nd5 Ra7 18. f3 Be6 19. b3 Bxd5 20. Rxd5 Qe3+ 21. Qxe3 Nxe3 22. Rd2 Rd7 23. Re1 Nxg2 24. Rxg2 Rxf3 25. Rd1 Kc7 26. Rd3 Rf4 27. Re3 Re7 28. Rge2 Rh4 29. Kd2 Re5 30. Kd3 Reh5 31. e5 dxe5 32. Rxe5 Rxe5 33. Rxe5 Rxh2 34. Re6 Kb7 35. Kc3 h5 36. Rh6 h4 37. a4 bxa4 38. bxa4 h3 39. a5 Rh1 40. Rb6+ Ka7 41. Kb2 Rg1 42. Rh6 Rg3 43. c3 Kb7 44. Kb3 Ka7 45. Rh7+ Kb8 46. Kb4 Rf3 47. c4 Rg3 48. Kc5 Rg5+ 49. Kb4 Rg3 50. c5 Rg4+ 51. Kc3 Rg3+ 52. Kc4 Rg4+ 53. Kd5 Rg5+ 54. Kd6 Rg6+ 55. Kd7 Kb7 56. Rxh3 Rg7+ 57. Kd6 Rg6+ 58. Kd5 Rg5+ 59. Kc4 Rg4+ 60. Kd5 Rg5+ 61. Kc4 Rg4+ 62. Kd5 Rg5+ 1/2-1/2


[Site "https://www.chess.com"]

[Event "Titled Tuesday Blitz December 14 2021"]
[White "Rasulov, Vugar"]
[Black "Maly, Alexey"]
[WhiteFideId "13402390"]
[BlackFideId "14103184"]
[WhiteElo "2560"]
[BlackElo "2294"]
[Result "0-1"]
[Round "08"]
[TimeControl "180+1"]
[Date "2021.12.14"]
[WhiteClock "0:00:01"]
[BlackClock "0:00:04"]

1. d4 d5 2. c4 dxc4 3. Nf3 Nf6 4. e3 e6 5. Bxc4 a6 6. O-O b5 7. Be2 Bb7 8. Ne5 c5 9. Bf3 Qb6 10. a4 Nc6 11. Nxc6 Bxc6 12. axb5 Qxb5 13. Na3 Qb7 14. Bxc6+ Qxc6 15. Nc4 Be7 16. dxc5 Bxc5 17. Ne5 Qb5 18. Qa4 Qxa4 19. Rxa4 O-O 20. Bd2 Rfb8 21. b4 Bf8 22. Rfa1 Nd5 23. Nd7 Nb6 24. Nxb8 Nxa4 25. Rxa4 Rxb8 26. Kf1 Rb6 27. Ke2 f6 28. Kd3 Kf7 29. Kc4 Rc6+ 30. Kb3 Ke8 31. e4 Kd7 32. Be3 Bd6 33. h3 Be5 34. Bc5 Bd6 35. Kc4 Be5 36. Ra2 h5 37. h4 Kc8 38. g3 Kd7 39. f4 Bd6 40. Ra3 Be7 41. f5 Ke8 42. Rd3 Bd8 43. g4 hxg4 44. Rg3 Kf7 45. Rxg4 Rc7 46. Rg3 a5 47. Rd3 Be7 48. Kb5 axb4 49. Bxe7 Rxe7 50. Kxb4 exf5 51. exf5 Re4+ 52. Kc5 Re5+ 53. Rd5 Re4 54. Rd7+ Kg8 55. Rd4 Re5+ 56. Rd5 Re4 57. h5 Kh7 58. Kd6 Kh6 59. Rd2 Kxh5 60. Rg2 Kh6 61. Rf2 Kg5 62. Rg2+ Kxf5 63. Rxg7 Re1 64. Kd5 Kf4 65. Kd4 Rd1+ 66. Kc3 f5 67. Kc2 Rd8 68. Rg1 Ke4 69. Re1+ Kf4 70. Rf1+ Kg5 71. Rg1+ Kf6 72. Rf1 Ke5 73. Re1+ Kf6 74. Rf1 Rd4 75. Kc3 Rd7 76. Kc4 Re7 77. Kd3 Re4 78. Rg1 Ke5 79. Rf1 Ra4 80. Re1+ Kf4 81. Rf1+ Kg5 82. Rg1+ Rg4 83. Rf1 Re4 84. Rg1+ Kf6 85. Rf1 Ke6 86. Rf2 Re5 87. Rf1 Re4 88. Rf2 Ke5 89. Rf1 f4 90. Rf2 Re3+ 91. Kd2 Ke4 92. Rf1 f3 93. Rh1 Re2+ 94. Kd1 Ke3 95. Rh8 Kf2 96. Rh2+ Kf1 97. Rh1+ Kg2 98. Rh8 Re4 99. Rg8+ Kf1 100. Kd2 f2 101. Rg7 Re5 102. Rg8 Re6 103. Rg7 Rd6+ 104. Kc2 Ke1 105. Re7+ Kf1 106. Rg7 Rd5 107. Kc3 Ke2 108. Re7+ Kf3 109. Rf7+ Ke3 110. Rf8 Re5 111. Rf7 Re4 112. Kc2 Rf4 0-1


[Site "https://www.chess.com"]

[Event "Titled Tuesday Blitz December 14 2021"]
[White "Rustemov, Alexander"]
[Black "Aggelis, Nikolaos"]
[WhiteFideId "4119002"]
[BlackFideId "4213220"]
[WhiteElo "2864"]
[BlackElo "2154"]
[Result "0-1"]
[Round "08"]
[TimeControl "180+1"]
[Date "2021.12.14"]
[WhiteClock "0:00:01"]
[BlackClock "0:00:27"]

1. d4 Nf6 2. c4 g6 3. Nf3 Bg7 4. g3 O-O 5. Bg2 d5 6. cxd5 Nxd5 7. O-O Nc6 8. Nc3 e5 9. Bg5 f6 10. Bc1 Nxc3 11. bxc3 e4 12. Nd2 f5 13. e3 b6 14. f3 exf3 15. Qxf3 Bb7 16. Qd5+ Kh8 17. Ba3 Re8 18. Qxd8 Nxd8 19. Rae1 Bxg2 20. Kxg2 Bh6 21. Nc4 Nc6 22. Kf3 Re4 23. Nd2 Re6 24. Re2 Rd8 25. Rfe1 Kg8 26. h3 Na5 27. Bb4 Nb7 28. e4 Bxd2 29. Rxd2 c5 30. Ba3 fxe4+ 31. Rxe4 Rxe4 32. Kxe4 Nd6+ 33. Kd3 c4+ 34. Kc2 Ne4 35. Re2 Nxg3 36. Re7 Rd5 37. Rxa7 Rh5 38. Bd6 Rxh3 39. Be5 Nf5 40. a4 Ne3+ 41. Kd2 Nd5 42. a5 Rd3+ 43. Ke1 bxa5 44. Rxa5 Nxc3 45. Ra8+ Kf7 46. Ra7+ Ke6 47. Rxh7 Kf5 48. Rc7 Ke4 49. Rxc4 Ke3 50. Kf1 Kf3 51. Kg1 Ne2+ 52. Kh2 g5 53. Rc6 Rd2 54. Rf6+ Nf4+ 55. Kg1 Rd1+ 56. Kh2 Rd2+ 57. Kg1 Kg3 58. Bxf4+ gxf4 59. Rg6+ Kf3 60. Rd6 Rd1+ 61. Kh2 Kf2 62. Rd8 f3 63. d5 Rd4 64. Kh3 Kg1 65. Rg8+ Kf1 66. Rd8 f2 67. Kg3 Kg1 68. Rf8 f1=Q 69. Rxf1+ Kxf1 70. Kf3 Rxd5 0-1


[Site "https://www.chess.com"]

[Event "Titled Tuesday Blitz December 14 2021"]
[White "Samsonkin, Artiom"]
[Black "Ibrahimli, Murad"]
[WhiteFideId "13503111"]
[BlackFideId "13410229"]
[WhiteElo "2513"]
[BlackElo "2109"]
[Result "1-0"]
[Round "08"]
[TimeControl "180+1"]
[Date "2021.12.14"]
[WhiteClock "0:00:30"]
[BlackClock "0:00:51"]

1. e4 c5 2. Nf3 d6 3. d4 cxd4 4. Qxd4 Nf6 5. Be2 Nc6 6. Qe3 g6 7. O-O Bg7 8. c4 O-O 9. Nc3 Bg4 10. Rd1 Bxf3 11. Bxf3 Nd7 12. b3 Qb6 13. Qd2 Qd4 14. Bb2 Qxd2 15. Rxd2 Nc5 16. Rad1 a5 17. Nd5 Bxb2 18. Rxb2 Rfd8 19. a3 e6 20. Nc7 Rac8 21. Nb5 Ne5 22. Kf1 Kf8 23. Rxd6 Rxd6 24. Nxd6 Rd8 25. Nb5 g5 26. h3 Rd1+ 27. Bxd1 1-0


[Site "https://www.chess.com"]

[Event "Titled Tuesday Blitz December 14 2021"]
[White "Shipov, Sergei"]
[Black "Zubov, Alexander"]
[WhiteFideId "4113624"]
[BlackFideId "14109409"]
[WhiteElo "2741"]
[BlackElo "2685"]
[Result "0-1"]
[Round "08"]
[TimeControl "180+1"]
[Date "2021.12.14"]
[WhiteClock "0:01:31"]
[BlackClock "0:01:06"]

1. d4 d5 2. c4 c6 3. Nc3 Nf6 4. Nf3 a6 5. h3 e6 6. e3 b5 7. c5 Nbd7 8. Bd3 Be7 9. O-O O-O 10. Bd2 Qc7 11. b4 e5 12. e4 dxe4 13. Nxe4 Nxe4 14. Bxe4 f5 15. Bc2 e4 16. Bb3+ Kh8 17. Ng5 Bxg5 18. Bxg5 Nf6 19. Bf4 Qxf4 0-1


[Site "https://www.chess.com"]

[Event "Titled Tuesday Blitz December 14 2021"]
[White "Tanenbaum, Zachary"]
[Black "Tari, Aryan"]
[WhiteFideId "2060850"]
[BlackFideId "1510045"]
[WhiteElo "2168"]
[BlackElo "2656"]
[Result "0-1"]
[Round "08"]
[TimeControl "180+1"]
[Date "2021.12.14"]
[WhiteClock "0:00:02"]
[BlackClock "0:00:08"]

1. e4 c6 2. d4 d5 3. exd5 cxd5 4. Bd3 Nc6 5. c3 Nf6 6. Bf4 Bg4 7. Qb3 Qc8 8. Nd2 e6 9. Ngf3 Be7 10. O-O O-O 11. Qc2 Bh5 12. Ne5 a6 13. a4 Bg6 14. Nxg6 hxg6 15. Nf3 Nh5 16. Be3 Bd6 17. Qd2 Qc7 18. g3 Nf6 19. Qe2 Rae8 20. Rfe1 Ng4 21. Qf1 f5 22. Ng5 Rf6 23. Qh3 Nh6 24. Nf3 f4 25. gxf4 Bxf4 26. Ne5 Nxe5 27. Bxf4 Rxf4 28. Rxe5 Qf7 29. Rg5 Nf5 30. Rg4 Rxg4+ 31. Qxg4 Qf6 32. Re1 Kf7 33. Qf4 g5 34. Qe5 Qxe5 35. Rxe5 g6 36. Kg2 Kf6 37. Bc2 Rc8 38. Bb3 b5 39. axb5 axb5 40. Re1 Ra8 41. Kf3 Nd6 42. Ke2 Rh8 43. Ra1 Rxh2 44. Ra6 Nc4 45. Bxc4 bxc4 46. Rb6 g4 47. Kf1 Kf5 48. b3 cxb3 49. Rxb3 Rh3 50. Kg2 Rd3 51. Kf1 g3 52. Ke2 g2 53. Rb1 Rxc3 54. Rg1 Rc4 55. Kd3 g5 56. Rxg2 Ra4 57. Rh2 Ra3+ 58. Ke2 Ke4 59. Rh6 Ra6 60. Rg6 Kf5 61. Rg7 g4 62. Rg8 Ra2+ 63. Ke3 Ra3+ 64. Ke2 Kf4 65. Rg6 Ra6 66. Rg8 Ra4 67. Rg6 Rxd4 68. Rxe6 Re4+ 69. Rxe4+ Kxe4 70. Ke1 Kf3 71. Kf1 d4 72. Ke1 d3 73. Kd2 Kxf2 74. Kxd3 g3 0-1


[Site "https://www.chess.com"]

[Event "Titled Tuesday Blitz December 14 2021"]
[White "Terry, Renato"]
[Black "Belyakov, Bogdan"]
[WhiteFideId "3803457"]
[BlackFideId "24104795"]
[WhiteElo "2577"]
[BlackElo "2407"]
[Result "0-1"]
[Round "08"]
[TimeControl "180+1"]
[Date "2021.12.14"]
[WhiteClock "0:00:02"]
[BlackClock "0:00:15"]

1. e4 e5 2. Nf3 Nc6 3. c3 d5 4. Qa4 f6 5. d3 Be6 6. Nbd2 Bd6 7. exd5 Bxd5 8. Ne4 Ne7 9. a3 O-O 10. c4 Bxe4 11. dxe4 Bc5 12. b4 Bd4 13. Ra2 f5 14. Qc2 f4 15. c5 a6 16. Bc4+ Kh8 17. Ng5 Ng6 18. Ne6 Qh4 19. Nxf8 Rxf8 20. Qd3 Rd8 21. Qf3 Qg5 22. g3 Rf8 23. h4 Qf6 24. h5 Nge7 25. g4 h6 26. Qh3 b6 27. cxb6 Bxb6 28. Qh4 a5 29. Qxf6 gxf6 30. bxa5 Nxa5 31. Be6 Nec6 32. Rh3 Nd4 33. Bf5 Rb8 34. Rc3 Nab3 35. Kf1 c5 36. Kg2 Ba5 37. Rc4 Be1 38. Rb2 Ra8 39. a4 Bb4 40. Ra2 Na5 41. Rcc2 Nxc2 42. Rxc2 Nb3 43. Bd7 Ra7 44. Be8 Kg7 0-1


[Site "https://www.chess.com"]

[Event "Titled Tuesday Blitz December 14 2021"]
[White "Tsvetkov, Andrey"]
[Black "Sarana, Alexey"]
[WhiteFideId "34139360"]
[BlackFideId "24133795"]
[WhiteElo "2280"]
[BlackElo "2672"]
[Result "0-1"]
[Round "08"]
[TimeControl "180+1"]
[Date "2021.12.14"]
[WhiteClock "0:00:02"]
[BlackClock "0:00:06"]

1. d4 Nf6 2. c4 e6 3. Nc3 Bb4 4. e3 O-O 5. Nf3 d5 6. Bd2 Re8 7. cxd5 exd5 8. Bd3 Nbd7 9. Rc1 c6 10. a3 Bd6 11. b4 b5 12. a4 a6 13. Na2 Nb6 14. Rxc6 Nxa4 15. Qc1 Bg4 16. Ne5 Bxe5 17. dxe5 Rxe5 18. O-O Bf5 19. Bxf5 Rxf5 20. Nc3 Nb6 21. Ne2 Nc4 22. Nd4 Rh5 23. Be1 Qd7 24. f3 Re5 25. Bg3 Rxe3 26. Rxc4 dxc4 27. Qxe3 Re8 28. Qf4 Nd5 29. Qd6 Qb7 30. Re1 Rc8 31. Nc6 h6 32. Qxd5 Qxc6 33. Qxc6 Rxc6 34. Bf2 c3 35. Kf1 Rc4 36. Rc1 Rxb4 37. Rxc3 Rb1+ 38. Ke2 Rb2+ 39. Ke3 a5 40. Rc8+ Kh7 41. Ra8 a4 42. Ra5 g5 43. g4 Rb3+ 44. Ke4 a3 45. Bc5 b4 46. Ra4 Rc3 47. Bxb4 Rc4+ 48. Kd3 Rf4 49. Kc3 Rxf3+ 50. Kc4 Rf4+ 51. Kb5 Rxg4 52. Rxa3 Rg2 53. Bd6 f5 54. Kc4 f4 55. Kd4 Rd2+ 56. Ke5 Kg6 57. h3 Re2+ 58. Kd5 Kf5 59. Ra8 Rd2+ 60. Kc5 Rh2 61. Kd5 Rxh3 62. Rf8+ Kg4 63. Bc5 Rh1 64. Bb4 h5 65. Ke4 h4 66. Rg8 h3 67. Bd2 Rf1 68. Rh8 Rf2 69. Bc3 Re2+ 70. Kd3 Re3+ 71. Kd2 Kg3 72. Bf6 g4 73. Rf8 h2 74. Bg5 Rf3 75. Rh8 Kg2 76. Ke2 Rf2+ 77. Kd3 g3 0-1


[Site "https://www.chess.com"]

[Event "Titled Tuesday Blitz December 14 2021"]
[White "VesePower"]
[Black "Dubov, Daniil"]
[BlackFideId "24126055"]
[WhiteElo "2755"]
[BlackElo "2749"]
[Result "0-1"]
[Round "08"]
[TimeControl "180+1"]
[Date "2021.12.14"]
[WhiteClock "0:00:20"]
[BlackClock "0:01:51"]

1. e4 e5 2. Nc3 Nc6 3. g3 Bc5 4. Bg2 d6 5. d3 h5 6. h3 Nge7 7. Nge2 Be6 8. Na4 Qd7 9. Nxc5 dxc5 10. Be3 b6 11. f4 f6 12. fxe5 Nxe5 13. Nf4 O-O-O 14. Nxe6 Qxe6 15. Qe2 Kb8 16. O-O N7c6 17. Kh2 Nd4 18. Qf2 Qd6 19. Kg1 c4 20. dxc4 Nxc4 21. Bf4 Qc5 22. Kh2 g5 23. Be3 Nf3+ 24. Qxf3 Nxe3 25. Rf2 Ng4+ 26. Kg1 Qxf2+ 27. Qxf2 Nxf2 28. Kxf2 Rd2+ 29. Kg1 Rxc2 30. Rf1 Rd8 31. Rxf6 Rd1+ 32. Bf1 Rxb2 33. e5 Rxa2 34. e6 Re2 35. g4 hxg4 36. hxg4 a5 37. Rf8+ Kb7 38. Rf6 a4 0-1


[Site "https://www.chess.com"]

[Event "Titled Tuesday Blitz December 14 2021"]
[White "Vidit, Santosh Gujrathi"]
[Black "Svane, Frederik"]
[WhiteFideId "5029465"]
[BlackFideId "12923044"]
[WhiteElo "2628"]
[BlackElo "2459"]
[Result "1/2-1/2"]
[Round "08"]
[TimeControl "180+1"]
[Date "2021.12.14"]
[WhiteClock "0:00:05"]
[BlackClock "0:00:03"]

1. e4 c5 2. Nf3 g6 3. c3 d5 4. exd5 Qxd5 5. d4 Bg7 6. Na3 Nf6 7. Bc4 Qe4+ 8. Be3 cxd4 9. Bxf7+ Kf8 10. cxd4 Bg4 11. Bb3 Bxf3 12. gxf3 Qf5 13. Rc1 Nc6 14. Rc5 Qh3 15. Qe2 Ne8 16. Nc2 Bf6 17. Bd5 Kg7 18. Bf4 Nd6 19. Bxc6 bxc6 20. Rxc6 Rhc8 21. d5 Qf5 22. Bxd6 exd6 23. Ne3 Qb1+ 24. Qd1 Qxb2 25. O-O h5 26. Rxd6 Qe5 27. Re6 Qf4 28. d6 Rd8 29. Qd3 Qxf3 30. Rd1 Rd7 31. Nd5 Qxd3 32. Rxd3 Bg5 33. f4 Bh4 34. f5 gxf5 35. Rf3 Rad8 36. Rxf5 Rxd6 37. Rxd6 Rxd6 38. Rxh5 Bf6 39. Kg2 Ra6 40. Nb4 Ra4 41. Rb5 a5 42. Nc6 Rxa2+ 43. Kf3 Ra3+ 44. Ke4 Rh3 45. Rxa5 Rxh2 46. Ra7+ Kg6 47. Ra6 Rh4+ 48. Kf3 Kf7 49. Ra7+ Kg6 50. Rd7 Rc4 51. Rd6 Kf7 52. Ke2 Ra4 53. Kd3 Ra3+ 54. Kc4 Rc3+ 55. Kb5 Rb3+ 56. Ka6 Rb1 57. Rd5 Ke6 58. Rd3 Rc1 59. Kb6 Rb1+ 60. Kc7 Be5+ 61. Kc8 Rc1 62. Kb7 Rb1+ 63. Ka6 Ra1+ 64. Kb5 Rb1+ 65. Ka4 Ra1+ 66. Kb3 Rb1+ 67. Kc2 Rb6 68. Na5 Bd6 69. Nc4 Rc6 70. Kb3 Be7 71. Re3+ Kf6 72. Rf3+ Ke6 73. Kc3 Bf6+ 74. Kd3 Rc8 75. Re3+ Be5 76. Rxe5+ Kf6 77. Rb5 Rd8+ 78. Ke4 Rd1 79. Ne3 Ra1 80. Rb6+ Ke7 81. Nd5+ Kd7 82. Kd4 Rd1+ 83. Kc4 Rc1+ 84. Nc3 Rc2 85. Rg6 Rc1 86. Kb4 Ke7 87. Nd5+ Kf7 88. Rf6+ Kg7 89. Rf2 Rc8 90. Kb5 Rc1 91. Nb4 Kg6 92. Nc6 Kg5 93. Kb6 Rd1 94. Kc7 Rd3 95. Ne5 Rd1 96. Kc6 Rc1+ 97. Kd5 Rd1+ 98. Ke6 Re1 99. Rf8 Ra1 100. Rg8+ Kh4 101. Kf6 Rf1+ 102. Ke6 Ra1 103. Kf5 Rf1+ 104. Ke4 Ra1 105. Kf4 Kh3 106. Rg3+ Kh4 107. Rg4+ Kh3 108. Rg6 Ra4+ 109. Kf5 Rb4 110. Nf3 Rf4+ 111. Kxf4 1/2-1/2


[Site "https://www.chess.com"]

[Event "Titled Tuesday Blitz December 14 2021"]
[White "Vovk, Orest"]
[Black "Djordjevic, Vuk"]
[WhiteFideId "14113490"]
[BlackFideId "902098"]
[WhiteElo "2203"]
[BlackElo "2463"]
[Result "0-1"]
[Round "08"]
[TimeControl "180+1"]
[Date "2021.12.14"]
[WhiteClock "0:00:03"]
[BlackClock "0:00:05"]

1. h4 d5 2. h5 e5 3. h6 Nxh6 4. d4 e4 5. Bxh6 gxh6 6. e3 Be6 7. Ne2 Bd6 8. Rxh6 Qg5 9. Rh1 Nd7 10. c4 dxc4 11. Nbc3 f5 12. g3 O-O-O 13. Nf4 Bf7 14. Qa4 a6 15. Qa5 Bxf4 16. gxf4 Qf6 17. Rc1 Kb8 18. Nd5 Qd6 19. Nc3 Be6 20. Rh6 Qe7 21. Qa3 Qxa3 22. bxa3 Rde8 23. d5 Bf7 24. Bxc4 Nb6 25. Bb3 Rd8 26. Rd1 Rd6 27. Rh4 h5 28. Ke2 Rhd8 29. Rh3 a5 30. a4 Nxd5 31. Nxd5 Bxd5 32. Rxd5 Rxd5 33. Bxd5 Rxd5 34. Rxh5 Rc5 35. Kd2 Rc4 36. Rxf5 Rxa4 37. Re5 Rxa2+ 38. Kc3 Rxf2 39. Rxa5 b6 40. Ra4 c5 41. Rxe4 Kc7 42. Re6 b5 43. Re7+ Kd6 44. Rh7 Rf3 45. Kd3 Rf1 46. Rh6+ Kc7 47. Rh7+ Kb6 48. Rh6+ Ka5 49. Rh5 c4+ 50. Kd2 Rf2+ 51. Kc3 Re2 52. Re5 Ka4 53. f5 Re1 54. f6 Rc1+ 55. Kd2 Rf1 56. Re6 b4 57. e4 Kb3 58. Ke2 Rf4 59. e5 c3 60. Ke3 c2 61. Rc6 Rc4 62. Rxc4 Kxc4 63. f7 c1=Q+ 64. Ke4 Qf1 65. e6 Kc5 66. Ke5 Kc6 67. e7 Qxf7 0-1


[Site "https://www.chess.com"]

[Event "Titled Tuesday Blitz December 14 2021"]
[White "Wagner, Dennis"]
[Black "Le, Tuan Minh"]
[WhiteFideId "24650684"]
[BlackFideId "12401153"]
[WhiteElo "2355"]
[BlackElo "2450"]
[Result "1-0"]
[Round "08"]
[TimeControl "180+1"]
[Date "2021.12.14"]
[WhiteClock "0:00:16"]
[BlackClock "0:00:02"]

1. d4 d5 2. c4 c6 3. Nf3 Nf6 4. Nc3 a6 5. Qc2 b5 6. e4 bxc4 7. e5 Nfd7 8. e6 fxe6 9. b3 g6 10. h4 Bg7 11. h5 Nf8 12. bxc4 Nbd7 13. hxg6 hxg6 14. Rxh8 Bxh8 15. Bd3 Kf7 16. Ng5+ Kg8 17. Bxg6 Bxd4 18. Bf7+ Kh8 19. Bxe6 Ne5 20. Bxc8 Rxc8 21. Bf4 Qa5 22. Bxe5+ Bxe5 23. Nf7+ Kg7 24. Nxe5 d4 25. Nf3 dxc3 26. Rc1 Rb8 27. Qxc3+ Qxc3+ 28. Rxc3 Nd7 29. Ra3 Rb1+ 30. Ke2 Rb2+ 31. Ke3 Nb6 32. Ne5 Kf6 33. f4 Rxg2 34. Rxa6 Rb2 35. Rxb6 Rxa2 36. Rxc6+ Kf5 37. Nd3 Rh2 38. Rc5+ Ke6 39. Re5+ Kd6 40. Kd4 Rh4 41. c5+ Kd7 42. Kd5 Rh6 43. Re3 Ra6 44. Ne5+ Kc7 45. f5 Rf6 46. Ke4 Rh6 47. Ra3 Kb8 48. Kd5 Rh5 49. Ke6 Rh1 50. Kxe7 Re1 51. Ke6 Rc1 52. c6 Kc7 53. f6 Re1 54. f7 Rf1 55. Ra7+ 1-0


[Site "https://www.chess.com"]